 Dungeon Crawl Stone Soup version 0.29-a0-577-gafbf2c5d25 (webtiles) character file.

Game seed: 9848973383608732867

2662 DocClef the Sneak (level 9, -6/132 HPs)
             Began as a Purple Draconian Delver on June 13, 2022.
             Was an Initiate of Hepliaklqana.
             Mangled by a fire dragon (8 damage)
             ... on level 8 of the Dungeon.
             The game lasted 00:08:48 (6287 turns).

DocClef the Sneak (Purple Draconian Delver)         Turns: 6287, Time: 00:08:49

Health: -6/132     AC: 28    Str: 17    XL:     9   Next: 36%
Magic:  9/9        EV:  2    Int: 11    God:    Hepliaklqana [......]
Gold:   375        SH:  0    Dex: 14    Spells: 8/8 levels left

rFire   . . .      SeeInvis .   o - +1 short sword (venom)
rCold   . . .      Faith    .   (no shield)
rNeg    . . .      Spirit   .   (body armour unavailable)
rPois   +          Reflect  .   (helmet currently unavailable)
rElec   .          Harm     .   (cloak currently unavailable)
rCorr   .          Rampage  .   (gloves currently unavailable)
Will    +....      NoTele   +   (boots currently unavailable)
Stlth   ++++......              x - amulet of regeneration
HPRegen 1.12/turn               h - +4 ring of evasion
MPRegen 0.11/turn               a - +4 ring of protection

@: tree-form, invisible
A: stationary, stasis, torment immunity, boosted hp, (breathe power), AC +7,
unfitting armour, (cold-blooded), (cold resistance 1), robust 1
a: Renounce Religion


You were on level 8 of the Dungeon.
You worshipped Hepliaklqana.
Hepliaklqana was noncommittal.
You were a tree.
You visited 2 branches of the dungeon, and saw 9 of its levels.

You collected 375 gold pieces.

Inventory:

Hand Weapons
 i - a +2 dagger of venom
 k - a +2 dagger of draining
 m - a +2 vampiric morningstar
 o - a +1 short sword of venom (weapon)
Armour
 t - a +0 pair of gloves (melded)
Jewellery
 a - a +4 ring of protection (right branch)
 h - a +4 ring of evasion (left branch)
 x - an amulet of regeneration (around neck)
 A - a ring of magical power
 G - a +4 ring of evasion
Wands
 f - a wand of digging (3)
 w - a wand of iceblast (22)
 B - a wand of charming (6)
Scrolls
 b - a scroll of fog
 c - 2 scrolls of magic mapping
 d - a scroll of fear
 g - a scroll of acquirement {unknown}
 j - 2 scrolls of amnesia {unknown}
 l - 4 scrolls of teleportation {unknown}
 n - a scroll of enchant armour {unknown}
 s - a scroll of enchant weapon {unknown}
 v - 2 scrolls of identify {unknown}
 y - a scroll of torment {unknown}
 E - a scroll of blinking {unknown}
 F - a scroll of poison {unknown}
Potions
 e - 4 potions of haste
 p - a potion of curing
 r - 2 potions of invisibility
 z - a potion of ambrosia {unknown}
 C - a potion of brilliance {unknown}
 D - 2 potions of flight {unknown}


   Skills:
 + Level 7.7 Fighting
 + Level 6.7 Short Blades
 + Level 6.0 Dodging
 + Level 7.9 Stealth


You had 8 spell levels left.
You didn't know any spells.
Your spell library contained the following spells:

 Spells                   Type           Power      Damage    Failure   Level
 Sandblast                Erth           0%         2d4       34%         1
 Passwall                 Tmut/Erth      0%         N/A       47%         2
 Static Discharge         Conj/Air       0%         N/A       47%         2
 Stone Arrow              Conj/Erth      0%         3d7       71%         3
 Olgreb's Toxic Radiance  Pois           0%         N/A       98%         4
 Lightning Bolt           Conj/Air       0%         1d11      100%        5
 Ozocubu's Refrigeration  Ice            0%         4d5       100%        7
 Ignition                 Fire           0%         3d3       100%        8
 Maxwell's Capacitive Co  Air            0%         ∞         100%        8


Dungeon Overview and Level Annotations

Branches:
Dungeon (8/15)             Temple (1/1) D:7            Lair (0/6) D:8

Altars:
Ashenzari
Cheibriados
Dithmenos
Elyvilon
Hepliaklqana
Kikubaaqudgha
Makhleb
Nemelex Xobeh
Okawaru
Qazlal
Trog
Vehumet
Xom
Yredelemnul
Zin
The Shining One


Innate Abilities, Weirdness & Mutations

You are a tree.
Your roots penetrate the ground, keeping you stationary.
You cannot be teleported.
You are immune to unholy pain and torment.
Your maximum health is greatly increased.
Your equipment is partially melded.
((You can breathe bolts of dispelling energy.))
((Your rich purple scales are hard. (AC +7)))
You cannot fit into any form of body armour.
((You are cold-blooded and may be slowed by cold attacks.))
((Your flesh is cold resistant. (rC+)))
You are robust. (+10% HP)


Message History

You hold your ground!
It was a potion of invisibility.
You fade into invisibility!
The fire dragon closely misses you. The fire dragon claws you.
* * * LOW HITPOINT WARNING * * *
The fire dragon tramples you but does no damage.
You hit the fire dragon but do no damage.
The fire dragon is moderately wounded.
You hit the fire dragon but do no damage.
The fire dragon is moderately wounded.
The fire dragon misses you.
The fire dragon claws you but does no damage.
The fire dragon tramples you but does no damage.
You barely miss the fire dragon.
The fire dragon is moderately wounded.
The fire dragon breathes flames at you. The blast of flame misses you.
You hit the fire dragon.
Your tail-slap misses the fire dragon.
The fire dragon is moderately wounded.
The fire dragon bites you!
* * * LOW HITPOINT WARNING * * *
The fire dragon closely misses you. The fire dragon barely misses you.
Unknown command.
It was a potion of lignification.
You turn into a tree.
Your +0 pair of gloves melds into your body.
Your roots penetrate the ground.
The fire dragon barely misses you.
The fire dragon claws you but does no damage.
The fire dragon tramples you but does no damage.
You barely miss the fire dragon.
The fire dragon is moderately wounded.
The fire dragon bites you.
* * * LOW HITPOINT WARNING * * *
The fire dragon claws you but does no damage.
The fire dragon tramples you but does no damage.
You catch the helpless fire dragon completely off-guard!
You puncture the fire dragon!
The fire dragon looks as sick as possible!
The fire dragon is heavily wounded.
The fire dragon bites you!
You die...

#..≈≈≈≈§..
#§§≈≈>.≈≈.
#.§≈.≈§§≈§
#§§.≈≈§§..
###§.≈≈≈≈...
#.#....§....
##<##.###.....
#.D...# ....
#.♣.### ..
#.....#
#.....#
#.......#
#.......#
.........#
##.........
..........#


You could see a fire dragon (can't see you, extremely poisoned, catching
breath).

Vanquished Creatures
  Sigmund (D:2)
  A wyvern (D:6)
  A steam dragon (D:7)
  A water moccasin (D:6)
  A sky beast (D:6)
  3 black bears
  3 ogres
  3 centaurs
  2 phantoms
  A bullfrog (D:6)
  A necrophage (D:6)
  A scorpion (D:7)
  4 wights
  5 killer bees (D:7)
  A howler monkey (D:5)
  A hound (D:6)
  A jelly (D:6)
  2 gnoll shamans
  5 iguanas
  Robin (D:3)
  7 gnolls
  2 adders
  A white imp (D:6)
  2 ufetubi
  4 dart slugs
  17 orcs
  5 bats
  7 endoplasms
  6 giant cockroaches
  16 goblins
  9 hobgoblins
  8 jackals
  4 kobolds
  5 quokkas
  7 ball pythons
  5 frilled lizards (D:2)
  7 rats
151 creatures vanquished.

Vanquished Creatures (others)
  A sky beast (D:7)
  An iguana (D:7)
  2 orcs (D:5)
4 creatures vanquished.

Grand Total: 155 creatures vanquished

Notes
Turn   | Place    | Note
-------+----------+-------------------------------------------
     0 | D:5      | DocClef the Draconian Delver began the quest for the Orb.
     0 | D:5      | Reached XP level 1. HP: 19/19 MP: 1/1
    26 | D:4      | Noticed an ogre
   255 | D:3      | Reached XP level 2. HP: 19/25 MP: 2/2
   557 | D:3      | Noticed Robin
   568 | D:3      | Killed Robin
   569 | D:3      | Reached XP level 3. HP: 31/33 MP: 3/3
  1217 | D:2      | Noticed Sigmund
  1227 | D:2      | Killed Sigmund
  1228 | D:2      | Reached skill level 5 in Stealth
  1228 | D:2      | Reached XP level 4. HP: 19/41 MP: 0/4
  1228 | D:2      | Reached XP level 5. HP: 22/47 MP: 0/5
  2027 | D:1      | Reached XP level 6. HP: 51/53 MP: 6/6
  2360 | D:1      | Found a faded altar of an unknown god.
  3477 | D:4      | Reached skill level 5 in Fighting
  3881 | D:5      | Your scales start taking on a rich purple colour.
  3881 | D:5      | Reached XP level 7. HP: 43/61 MP: 7/7
  4063 | D:5      | Reached skill level 5 in Short Blades
  4302 | D:5      | You fall into a shaft and drop 2 floors!
  4329 | D:7      | Reached XP level 8. HP: 59/70 MP: 8/8
  4425 | D:7      | Reached skill level 5 in Dodging
  4672 | D:6      | Reached XP level 9. HP: 46/77 MP: 9/9
  4689 | D:6      | HP: 1/78 [gnoll/+0 spear[a gnoll shaman] (4)]
  5739 | D:7      | Found a staircase to the Ecumenical Temple.
  5896 | Temple   | Entered the Ecumenical Temple
  6003 | Temple   | Became a worshipper of Hepliaklqana the Forgotten
  6111 | D:7      | Identified the +4 ring mail of Wu Jian's Hope {Rampage
                  | Will+ Str+6}
  6255 | D:8      | Found a staircase to the Lair.
  6255 | D:8      | Noticed a fire dragon
  6277 | D:8      | Gained mutation: Your flesh is heat resistant. (rF+)
                  | [potion of mutation]
  6277 | D:8      | Gained mutation: Your flesh is cold resistant. (rC+)
                  | [potion of mutation]
  6277 | D:8      | Lost mutation: Your flesh is heat resistant. (rF+) [potion
                  | of mutation]
  6277 | D:8      | Gained mutation: You are robust. (+10% HP) [potion of
                  | mutation]
  6284 | D:8      | HP: 3/88 [fire dragon (15)]
  6286 | D:8      | HP: 1/132 [fire dragon (6)]
  6287 | D:8      | Mangled by a fire dragon

Illustrated notes

Levels and vault maps discovered:
D:1:      dpeg_arrival_rooms_b, layout_basic,
          shapermc_ecumenical_altar_hornbeckon
D:2:      minmay_evil_eye, layout_loops_ring, hangedman_decor_growths,
          uniq_sigmund
D:3:      layout_basic, minmay_misc_feat_five, minmay_misc_feat_tiny, uniq_robin
D:4:      layout_basic
D:5:      layout_rooms, minivault_14
D:6:      layout_basic, st_stairs_7
D:7:      layout_rooms, nicolae_overflow_hidden_temple, lemuel_temple_firewalk_a
D:8:      layout_cave_pods, nicolae_overflow_crystal_walls,
          minmay_lair_entry_lava, hex_large
Temple:   kb_temple_of_zot

Skill      XL: |  1  2  3  4  5  6  7  8  9 |
---------------+----------------------------+-----
Dodging        | 2 3 4 5 6 |  6.0
Fighting       | 4 5 6 7 |  7.7
Short Blades   | 3 4 5 6 |  6.7
Stealth        | 5 6 7 |  7.9

Action                   |  1- 3 |  4- 6 |  7- 9 || total
-------------------------+-------+-------+-------++-------
Melee: Dagger            |    53 |   127 |   321 ||   501
       Short sword       |     6 |       |    76 ||    82
       Punch             |     2 |       |     9 ||    11
       Morningstar       |    30 |       |       ||    30
       Tailslap          |     8 |    16 |    62 ||    86
 Abil: Breathe Dispellin |       |       |     1 ||     1
  Use: Potion            |       |       |     6 ||     6
 Stab: Sleeping          |    10 |    18 |     8 ||    36
       Invisible         |       |       |     1 ||     1
Armor: Skin              |    16 |    23 |    96 ||   135
Dodge: Dodged            |    54 |    76 |   368 ||   498

Table legend: (Time is in decaauts)
 A = Elapsed time spent in this place.
 B = Non-inter-level travel time spent in this place.
 C = Inter-level travel time spent in this place.
 D = Time resting spent in this place.
 E = Time spent auto-exploring this place.
 F = Levels seen in this place.
 G = Mean time per level.
                   A        B        C        D        E       F      G
               +--------+--------+--------+--------+--------+-----+--------+
         Total |   6173 |   5798 |    375 |    912 |   3646 |   9 |  685.9 |
       Dungeon |   6045 |   5689 |    356 |    912 |   3554 |   8 |  755.6 |
        Temple |    127 |    108 |     19 |      0 |     92 |   1 |  127.0 |
               +--------+--------+--------+--------+--------+-----+--------+

Top non-repeatable levels by time:
     D:3: 1386 daAuts
     D:1: 847 daAuts
     D:4: 828 daAuts
     D:2: 816 daAuts
     D:5: 786 daAuts
     D:7: 706 daAuts
     D:6: 643 daAuts
  Temple: 127 daAuts
     D:8: 30 daAuts
